 Dungeon Crawl Stone Soup version 0.22-a0-305-gd21a89c538 (webtiles) character file.

139462 Manul the Warrior (level 16, -21/139 HPs)
             Began as a Demonspawn Gladiator on Apr 1, 2018.
             Was an Initiate of Gozag.
             Shot with a bolt by Vashnia (31 damage)
             ... on level 3 of the Snake Pit.
             The game lasted 00:55:09 (32451 turns).

Manul the Warrior (Demonspawn Gladiator)           Turns: 32451, Time: 00:55:09

Health: -21/139    AC: 22    Str: 18    XL:     16   Next: 73%
Magic:  27/27      EV: 20    Int: 17    God:    Gozag
Gold:   3324       SH:  0    Dex: 17    Spells: 13/15 levels left

rFire    + . .     SeeInvis +   L - +6 Majin-Bo {vamp, Archmagi MP+6 Int+6}
rCold    . . .     Gourm    .   (shield currently unavailable)
rNeg     + + .     Faith    .   o - +4 ring mail {rPois}
rPois    +         Spirit   .   (helmet unavailable)
rElec    .         Reflect  .   N - +1 cloak {+Inv}
rCorr    +         Harm     .   y - +2 pair of gloves
MR       ++...                  n - +0 pair of boots
Stlth    ++++......             Z - amulet of regeneration
HPRegen  0.73/turn              O - ring of Jipo {rCorr *Slow rN++ MR+ Stlth+}
MPRegen  0.20/turn              k - ring of Ziareut {rF+ Slay+2}

@: about to teleport
A: antennae 3, claws 1, yellow scales 2, blink, demonic guardian 2, screaming 1,
shaggy fur 1, rot immunity
a: Blink, Potion Petition, Call Merchant, Bribe Branch, Renounce Religion, Evoke
Invisibility


You were on level 3 of the Snake Pit.
You worshipped Gozag.
Gozag was most pleased with you.
You were very hungry.

You visited 5 branches of the dungeon, and saw 27 of its levels.
You also visited: Sewer and Ice Cave.

You collected 10519 gold pieces.
You spent 4193 gold pieces at shops.
You paid 3002 gold pieces to Gozag.

Inventory:

Hand Weapons
 L - the +6 Majin-Bo (weapon) {vamp, Archmagi MP+6 Int+6}
   (You bought it in a shop on level 10 of the Dungeon)

   It inflicts no extra harm, but heals its wielder when it wounds a living foe.
   It affects your intelligence (+6).
   It affects your magic capacity (+6).
 Y - the +8 lance "Wyrmbane" {slay drac, rPois rF+ rC+ AC+3}
   (You bought it in a shop on level 13 of the Dungeon)

   It affects your AC (+3).
   It protects you from fire.
   It protects you from cold.
   It protects you from poison.
Missiles
 d - 4 throwing nets (quivered)
Armour
 n - a +0 pair of boots (worn)
 o - a +4 ring mail of poison resistance (worn)
 y - a +2 pair of gloves (worn)
 N - a +1 cloak of invisibility (worn)
Jewellery
 a - a cursed amulet of inaccuracy {unknown}
 k - the ring of Ziareut (right hand) {rF+ Slay+2}
   (You found it in an ice cave)

   [ring of protection from fire]

   It affects your accuracy and damage with ranged weapons and melee attacks
   (+2).
   It protects you from fire.
 s - an uncursed ring of resist corrosion {unknown}
 B - a cursed ring of teleportation {unknown}
 C - an uncursed amulet of the acrobat
 H - an uncursed ring of protection from cold
 I - a +1 ring of protection {unknown}
 K - an uncursed ring of protection from fire
 O - the ring of Jipo (left hand) {rCorr *Slow rN++ MR+ Stlth+}
   (You found it in an ice cave)

   [ring of resist corrosion]

   It greatly protects you from negative energy.
   It affects your resistance to hostile enchantments.
   It may slow you when you take damage.
   It makes you more stealthy.
 Z - an amulet of regeneration (around neck)
Wands
 m - a wand of paralysis (29)
 v - a wand of flame (105)
 A - a wand of scattershot (2)
 E - a wand of polymorph (11)
 G - a wand of iceblast (10)
 M - a wand of disintegration (9)
 T - a wand of digging (15)
Scrolls
 e - 4 scrolls of enchant armour
 h - 8 scrolls of remove curse
 i - 4 scrolls of enchant weapon {unknown}
 l - 9 scrolls of identify
 p - a scroll of fog
 t - 5 scrolls of teleportation
 x - 6 scrolls of fear
 z - 3 scrolls of blinking
 P - 2 scrolls of silence
 S - 2 scrolls of magic mapping
Potions
 b - 2 potions of invisibility
 c - 2 potions of magic
 g - a potion of flight {unknown}
 j - a potion of resistance {unknown}
 r - 14 potions of curing
 u - 8 potions of heal wounds
 w - a potion of brilliance
 D - 4 potions of agility {unknown}
 F - 3 potions of haste
 J - a potion of cancellation
 U - a potion of lignification {unknown}
 X - 2 potions of berserk rage
Miscellaneous
 q - a fan of gales
Comestibles
 f - 19 rations


   Skills:
 + Level 16.6 Fighting
 + Level 3.9(10.4) Polearms
 - Level 14.5(14.6) Staves
 - Level 2.0 Throwing
 + Level 10.1 Armour
 + Level 13.0 Dodging
 - Level 5.9 Stealth
 - Level 0.6 Ice Magic
 - Level 6.9 Evocations


You had 13 spell levels left.
You knew the following spells:

 Your Spells              Type           Power        Failure   Level  Hunger
a - Ensorcelled Hibernat  Hex/Ice        #.....       45%         2    ###....


Dungeon Overview and Level Annotations

Branches:
Dungeon (14/15)            Temple (1/1) D:6            Lair (6/6) D:8
 Shoals (0/4) Lair:3        Snake (4/4) Lair:3        Slime (0/5) Lair:5
    Orc (2/2) D:9             Elf (0/3) Orc:2        Vaults (0/5) D:14

Altars:
Ashenzari
Cheibriados
Dithmenos
Elyvilon
Fedhas
Gozag
Hepliaklqana
Kikubaaqudgha
Makhleb
Nemelex Xobeh
Okawaru
Qazlal
Ru
Sif Muna
Trog
Uskayaw
Vehumet
Wu Jian
Xom
Zin
The Shining One
Beogh

Shops:
D:4 [   D:6 *   D:10 (   D:11 (   D:12 }*   D:13 **   Orc:1 !   Orc:2 :(*[}
Snake:2 !%   Snake:4 (

Annotations:
D:12 exclusion: ice statue
Lair:3 exclusion: 4 oklob plants
Snake:3 Vashnia


Innate Abilities, Weirdness & Mutations

You have a pair of large antennae on your head. (SInv)
You are mostly covered in yellow scales. (AC +3)
A demonic guardian rushes to your aid.
You are immune to rotting.
You have sharp fingernails.
You can translocate small distances at will.
You occasionally shout uncontrollably at your foes.
You are covered in fur. (AC +1)


Message History

Vashnia is heavily wounded.
The naga sharpshooter shoots a bolt.
The bolt completely misses you.
Unknown command.
Vashnia mumbles some strange words.
Vashnia magically shoots a bolt.
The bolt hits you.
* * * LOW HITPOINT WARNING * * *
The naga sharpshooter unwields an uncursed arbalest.
The naga sharpshooter wields an uncursed long sword.
The naga sharpshooter misses your sixfirhy.
The naga sharpshooter completely misses your sixfirhy.
The naga sharpshooter mumbles some strange words.
The naga sharpshooter magically shoots a bolt.
The bolt hits you!!
* * * LOW HITPOINT WARNING * * *
You see here 3 bolts.
Your sixfirhy hits Vashnia but does no damage.
Vashnia mumbles some strange words.
Vashnia magically shoots a bolt.
The bolt hits you!!
You die...
Your body crumbles into a pile of gold.

#......................
#........?.............
#..............##......
##........##...##^..###
#....#.....#...##...##
#................)...#
#........N...........##
######.[.....3NN#...........
#....#.>).(@((..#..(#####...
#..........(...##...# #...
#.........#(..###...# ####
#........##..## #...#
##......###### #####
########


You could see Vashnia, 2 naga sharpshooters and a friendly sixfirhy.

Vanquished Creatures
  The ghost of brujo666 the Spawn of Chaos, an adept DsGl of Makhleb (Snake:4)
  5 nagarajas
  A frost giant (IceCv)
  An orc warlord (Orc:2)
  The ghost of dricus the Bludgeoner, a journeyman DsAK of Lugonu (D:14)
  5 dire elephants (Lair:6)
  3 hydras
  2 vault guards (D:14)
  15 naga warriors
  3 centaur warriors
  5 anacondas
  2 death yaks (Lair:6)
  3 two-headed ogres
  Urug (Lair:3)
  8 naga sharpshooters
  6 shock serpents
  Nergalle (Orc:2)
  Sonja (Lair:4)
  5 slime creatures
  A skeletal warrior (D:14)
  5 naga ritualists
  5 mana vipers
  An orc knight (Orc:2)
  2 oklob plants (Lair:3)
  7 ugly things (D:14)
  3 orc sorcerers
  A cyclops (D:14)
  A manticore (D:13)
  2 salamanders
  5 elephants (Lair:6)
  16 naga magi
  15 black mambas
  2 guardian serpents (Snake:3)
  An ice statue (IceCv)
  6 spiny frogs
  2 gargoyles (D:14)
  An efreet (D:13)
  8 komodo dragons
  A freezing wraith (D:14)
  2 rime drakes
  5 trolls
  A wind drake (shapeshifter) (D:14)
  A merfolk (D:11)
  A hornet (D:11)
  11 hippogriffs
  14 polar bears
  14 blink frogs
  2 dream sheep (Lair:5)
  47 yaks
  A centaur simulacrum (D:14)
  2 wyverns
  A basilisk (Lair:2)
  4 hogs (Snake:3)
  2 hungry ghosts
  4 vampire mosquitoes (D:12)
  38 nagas
  A warg (Orc:2)
  10 water moccasins
  5 porcupines
  17 orc warriors
  2 black bears
  A hornet zombie (D:14)
  9 ice beasts
  3 phantoms
  A necrophage (D:12)
  6 sky beasts
  12 ogres
  27 wolves
  14 centaurs
  12 crocodiles
  15 bullfrogs
  A wyvern zombie (D:10)
  A wyvern skeleton (D:14)
  5 scorpions
  11 wights
  2 electric eels (D:11)
  6 howler monkeys
  3 crimson imps
  3 centaur zombies
  5 jellies
  2 hounds (D:6)
  9 orc priests
  15 orc wizards
  7 bullfrog skeletons
  4 centaur skeletons
  9 worker ants
  A killer bee zombie (D:8)
  2 hound skeletons
  A hound zombie (D:7)
  2 worker ant zombies
  8 gnolls
  3 howler monkey zombies
  12 adders
  A howler monkey skeleton (D:2)
  A river rat (D:6)
  A hound simulacrum (D:11)
  3 shadow imps
  5 white imps (D:11)
  3 ufetubi (D:11)
  An adder zombie (D:8)
  An adder skeleton (D:7)
  3 worms
  4 dart slugs (D:2)
  3 leopard geckos
  62 orcs
  3 ball pythons
  6 giant cockroaches
  10 goblins
  7 hobgoblins
  10 jackals
  11 kobolds
  5 quokkas
  7 bats
  3 frilled lizards
  A giant cockroach zombie (D:6)
  A leopard gecko skeleton (D:4)
  A leopard gecko zombie (D:3)
  2 quokka skeletons
  4 rats
  4 plants
714 creatures vanquished.

Vanquished Creatures (collateral kills)
  Kirke (Snake:3)
  2 nagarajas
  An orc warlord (Orc:1)
  Aizul (Snake:1)
  Louise (Snake:3)
  A dire elephant (Lair:6)
  3 hydras
  2 vault guards (D:14)
  3 anacondas
  A centaur warrior (D:13)
  3 naga warriors
  3 two-headed ogres
  4 death yaks
  An orc high priest (Orc:2)
  4 naga sharpshooters
  2 shock serpents
  3 orc knights (Orc:2)
  2 oklob plants (Lair:3)
  A manticore (Lair:3)
  6 ugly things
  4 elephants (Lair:6)
  Maurice (D:10)
  11 naga magi
  3 black mambas
  A rime drake (Lair:6)
  An efreet (D:14)
  2 ice devils (D:11)
  3 trolls
  A polar bear (IceCv)
  A blink frog (Lair:5)
  A slime creature (D:13)
  5 dream sheep (Lair:5)
  A wyvern (D:8)
  26 yaks
  A basilisk (D:13)
  A hog (Snake:3)
  8 nagas
  2 water moccasins
  7 orc warriors
  2 ogres
  A phantom (D:5)
  A sky beast (D:5)
  4 wolves
  3 black bears (D:8)
  5 centaurs
  2 crocodiles
  A big kobold (D:11)
  A scorpion (D:4)
  2 howler monkeys (D:8)
  7 wights
  A hound (D:5)
  A jelly (D:8)
  5 orc priests
  7 orc wizards
  A bullfrog skeleton (D:10)
  An iguana (D:8)
  3 worker ants (D:14)
  A hound zombie (D:9)
  An adder (D:5)
  A shadow imp (D:10)
  An ooze (D:5)
  A leopard gecko (D:8)
  12 orcs
  A kobold (D:11)
191 creatures vanquished.

Vanquished Creatures (others)
  An orc (Orc:1)
  A bush (Lair:6)
  13 fungi
  14 plants
29 creatures vanquished.

Grand Total: 934 creatures vanquished

Notes
Turn   | Place    | Note
-------+----------+-------------------------------------------
     0 | D:1      | Manul the Demonspawn Gladiator began the quest for the Orb.
     0 | D:1      | Reached XP level 1. HP: 16/16 MP: 1/1
   424 | D:1      | Gained mutation: You are partially covered in yellow scales. (AC +2) [demonic ancestry]
   424 | D:1      | Reached XP level 2. HP: 22/22 MP: 2/2
   785 | D:2      | Noticed a black bear
   793 | D:2      | Killed a black bear
   793 | D:2      | Reached skill level 1 in Armour
   793 | D:2      | Reached XP level 3. HP: 18/28 MP: 3/3
   793 | D:2      | Reached XP level 4. HP: 22/34 MP: 4/4
  1288 | D:2      | Gained mutation: A weak demonic guardian rushes to your aid. [demonic ancestry]
  1288 | D:2      | Reached XP level 5. HP: 39/39 MP: 5/5
  1319 | D:2      | Gained mutation: You are frail. (-10% HP) [potion of mutation]
  1319 | D:2      | Gained mutation: You have a pair of small antennae on your head. [potion of mutation]
  1319 | D:2      | Gained mutation: Your spells are a little harder to cast, but a little more powerful. [potion of mutation]
  1320 | D:2      | Lost mutation: You are frail. (-10% HP) [potion of mutation]
  1320 | D:2      | Lost mutation: You have a pair of small antennae on your head. [potion of mutation]
  1320 | D:2      | Lost mutation: Your spells are a little harder to cast, but a little more powerful. [potion of mutation]
  1320 | D:2      | Gained mutation: You are weak. (Str -2) [potion of mutation]
  1320 | D:2      | Gained mutation: You are covered in fur. (AC +1) [potion of mutation]
  1321 | D:2      | Reached skill level 5 in Fighting
  1321 | D:2      | Reached skill level 5 in Armour
  1321 | D:2      | Reached skill level 5 in Stealth
  1321 | D:2      | Gained mutation: You are mostly covered in yellow scales. (AC +3) [demonic ancestry]
  1321 | D:2      | Reached XP level 6. HP: 15/52 MP: 6/6
  1636 | D:2      | Found a sacrificial altar of Ru.
  2538 | D:3      | Found a faded altar of an unknown god.
  3017 | D:4      | Reached skill level 6 in Fighting
  3023 | D:4      | Found a shadowy altar of Dithmenos.
  3261 | D:4      | Gained mutation: You have a pair of small antennae on your head. [demonic ancestry]
  3261 | D:4      | Reached XP level 7. HP: 58/58 MP: 7/7
  3284 | D:4      | Found a white marble altar of Elyvilon.
  3358 | D:4      | Found Guihacvy's Armour Emporium.
  3550 | D:4      | Found a hide-covered altar of Uskayaw.
  3553 | D:4      | Found a snail-covered altar of Cheibriados.
  3701 | D:4      | Found a bloodstained altar of Trog.
  3703 | D:4      | Found a stormy altar of Qazlal.
  3843 | D:5      | Entered Level 5 of the Dungeon
  4372 | D:5      | Gained mutation: A demonic guardian rushes to your aid. [demonic ancestry]
  4372 | D:5      | Reached XP level 8. HP: 64/64 MP: 8/8
  4957 | D:6      | Found a staircase to the Ecumenical Temple.
  4966 | Temple   | Entered the Ecumenical Temple
  5182 | D:6      | Found a sparkling altar of Nemelex Xobeh.
  5183 | D:6      | Found an opulent altar of Gozag.
  5189 | D:6      | Became a worshipper of Gozag Ym Sagoz the Greedy
  5282 | D:6      | Found a burning altar of Makhleb.
  5379 | D:6      | Found Plog's General Store.
  5451 | D:6      | Found a glowing drain.
  5473 | Sewer    | Entered a sewer
  5963 | D:7      | Found a blossoming altar of Fedhas.
  6078 | D:7      | Gained mutation: You have a pair of antennae on your head. [demonic ancestry]
  6078 | D:7      | Reached XP level 9. HP: 67/71 MP: 9/9
  7218 | D:8      | Found an ancient bone altar of Kikubaaqudgha.
  7454 | D:8      | Found a shattered altar of Ashenzari.
  7797 | D:8      | Found a staircase to the Lair.
  7816 | D:8      | Reached skill level 7 in Fighting
  7917 | D:9      | Lost mutation: You are weak. (Str -2) [potion of mutation]
  7917 | D:9      | Lost mutation: You are covered in fur. (AC +1) [potion of mutation]
  7917 | D:9      | Gained mutation: You are clumsy. (Dex -2) [potion of mutation]
  7917 | D:9      | Gained mutation: You are resistant to hostile enchantments. (MR+) [potion of mutation]
  7991 | D:9      | Reached XP level 10. HP: 61/79 MP: 10/10
  8348 | D:9      | Found a staircase to the Orcish Mines.
  8454 | D:9      | Noticed a two-headed ogre
  8465 | D:9      | Killed a two-headed ogre
  8638 | D:9      | Noticed a white ugly thing
  8645 | D:9      | Killed a white ugly thing
  8891 | D:10     | Entered Level 10 of the Dungeon
  8935 | D:10     | Reached skill level 10 in Staves
  9248 | D:10     | Noticed a two-headed ogre
  9252 | D:10     | Killed a two-headed ogre
  9448 | D:10     | Bought the +6 Majin-Bo {vamp, Archmagi MP+6 Int+6} for 964 gold pieces
  9448 | D:10     | Found the +6 Majin-Bo {vamp, Archmagi MP+6 Int+6}
  9519 | D:10     | Reached skill level 8 in Fighting
  9568 | D:10     | Gained mutation: You are immune to rotting. [demonic ancestry]
  9568 | D:10     | Reached XP level 11. HP: 84/86 MP: 11/11
  9572 | D:10     | Learned a level 2 spell: Ensorcelled Hibernation
  9831 | D:10     | Noticed Maurice
  9840 | D:10     | Killed Maurice
 10071 | D:11     | Found Symoople's Weapon Boutique.
 10132 | D:11     | Noticed a green ugly thing
 10157 | D:11     | Killed a green ugly thing
 10226 | D:11     | Noticed a brown ugly thing
 10235 | D:11     | Killed a brown ugly thing
 10366 | D:11     | Found a frozen archway.
 10397 | IceCv    | Entered an ice cave
 10543 | IceCv    | Reached skill level 9 in Fighting
 10856 | IceCv    | Noticed a death yak
 10870 | IceCv    | Killed a death yak
 10974 | IceCv    | Reached XP level 12. HP: 75/96 MP: 12/12
 11027 | IceCv    | Got a pitted pewter ring
 11097 | IceCv    | Noticed a death yak
 11112 | IceCv    | Killed a death yak
 11172 | IceCv    | Noticed a frost giant
 11852 | IceCv    | Identified the ring of Jipo {rCorr *Slow rN++ MR+ Stlth+} (You found it in an ice cave)
 12174 | IceCv    | Killed a frost giant
 12174 | IceCv    | Reached skill level 10 in Fighting
 12628 | IceCv    | Got a transparent copper ring
 12663 | IceCv    | Identified the ring of Ziareut {rF+ Slay+2} (You found it in an ice cave)
 13447 | D:12     | Noticed a two-headed ogre
 13479 | D:12     | Killed a two-headed ogre
 13535 | D:12     | Noticed a two-headed ogre
 13541 | D:12     | Killed a two-headed ogre
 13655 | D:12     | Found Padakk's Gadget Shoppe.
 13797 | D:12     | Noticed a two-headed ogre
 13807 | D:12     | Killed a two-headed ogre
 14011 | Orc:1    | Entered Level 1 of the Orcish Mines
 14052 | Orc:1    | Noticed an orc warlord
 14096 | Orc:1    | Killed an orc warlord
 14315 | Orc:1    | Found a burning altar of Makhleb.
 14360 | Orc:1    | Found Garhicw's Distillery.
 14368 | Orc:1    | Bought a potion of heal wounds for 90 gold pieces
 14368 | Orc:1    | Bought a potion of heal wounds for 90 gold pieces
 14457 | Orc:2    | Entered Level 2 of the Orcish Mines
 14463 | Orc:2    | Found a staircase to the Elven Halls.
 14514 | Orc:2    | Reached XP level 13. HP: 104/104 MP: 13/13
 14582 | Orc:2    | Found Mycoing's Gadget Shop.
 14696 | Orc:2    | Noticed an orc warlord
 14710 | Orc:2    | Found Cenean's Armour Emporium.
 14938 | Orc:2    | Killed an orc warlord
 14938 | Orc:2    | Reached skill level 11 in Fighting
 15108 | Orc:2    | Noticed Nergalle
 15123 | Orc:2    | Killed Nergalle
 15132 | Orc:2    | Found a roughly hewn altar of Beogh.
 15176 | Orc:2    | Found Kaqyom's Book Boutique.
 15182 | Orc:2    | Found Singeab's General Store.
 15392 | Orc:2    | Found Jaezeuh's Antique Armour Boutique.
 15421 | Orc:2    | Found Lamoxki's Antique Weapon Boutique.
 15758 | Orc:1    | Noticed an orc warlord
 17386 | D:14     | Noticed dricus's ghost (journeyman DsAK)
 17595 | D:14     | Reached skill level 10 in Dodging
 18056 | Lair:1   | Entered Level 1 of the Lair of Beasts
 18149 | Lair:1   | Reached skill level 1 in Evocations
 18311 | Lair:1   | Found a bloodstained altar of Trog.
 18385 | Lair:1   | Reached skill level 12 in Fighting
 19028 | Lair:2   | Gained mutation: You have a pair of large antennae on your head. (SInv) [demonic ancestry]
 19028 | Lair:2   | Reached XP level 14. HP: 108/115 MP: 15/15
 19450 | Lair:3   | Found a staircase to the Snake Pit.
 19678 | Lair:3   | Found a staircase to the Shoals.
 19805 | Lair:3   | Noticed Urug
 19817 | Lair:3   | Killed Urug
 21288 | Lair:4   | Noticed Sonja
 21299 | Lair:4   | Killed Sonja
 21589 | Lair:5   | Reached skill level 13 in Fighting
 21628 | Lair:5   | Found a staircase to the Slime Pits.
 22411 | Lair:6   | Entered Level 6 of the Lair of Beasts
 23218 | Lair:6   | Reached skill level 5 in Evocations
 24562 | D:13     | Bought the +8 lance "Wyrmbane" {slay drac, rPois rF+ rC+ AC+3} for 2828 gold pieces
 24562 | D:13     | Found the +8 lance "Wyrmbane" {slay drac, rPois rF+ rC+ AC+3}
 24932 | D:14     | Killed dricus's ghost
 24932 | D:14     | Reached XP level 15. HP: 79/125 MP: 19/19
 24955 | D:14     | Reached skill level 1 in Polearms
 25486 | D:14     | Reached skill level 14 in Fighting
 25538 | D:14     | Found a gate to the Vaults.
 26125 | Snake:1  | Entered Level 1 of the Snake Pit
 26257 | Snake:1  | Identified a scroll of acquirement
 26473 | Snake:1  | Noticed Aizul
 26492 | Snake:1  | Killed Aizul
 27393 | Snake:2  | Lost mutation: You are resistant to hostile enchantments. (MR+) [potion of mutation]
 27393 | Snake:2  | Lost mutation: You are clumsy. (Dex -2) [potion of mutation]
 27393 | Snake:2  | Gained mutation: You have sharp toenails. [potion of mutation]
 27393 | Snake:2  | Gained mutation: Your spells are a little easier to cast, but a little less powerful. [potion of mutation]
 27393 | Snake:2  | Gained mutation: You have razor-sharp toenails. [potion of mutation]
 27546 | Snake:2  | Found Fuosinog's Distillery.
 27594 | Snake:2  | Found Fiyruck's Food Shoppe.
 27596 | Snake:2  | Bought a potion of heal wounds for 85 gold pieces
 27596 | Snake:2  | Bought a potion of mutation for 136 gold pieces
 27596 | Snake:2  | Lost mutation: Your spells are a little easier to cast, but a little less powerful. [potion of mutation]
 27596 | Snake:2  | Lost mutation: You have razor-sharp toenails. [potion of mutation]
 27596 | Snake:2  | Lost mutation: You have sharp toenails. [potion of mutation]
 27596 | Snake:2  | Gained mutation: You have sharp fingernails. [potion of mutation]
 27596 | Snake:2  | Gained mutation: Your flesh is heat resistant. (rF+) [potion of mutation]
 28075 | Snake:3  | Reached skill level 15 in Fighting
 28146 | Snake:3  | Noticed Kirke
 28147 | Snake:3  | Noticed a nagaraja
 28178 | Snake:3  | Killed a nagaraja
 28189 | Snake:3  | Killed Kirke
 28307 | Snake:3  | Noticed Vashnia
 28527 | Snake:3  | Noticed Louise
 28535 | Snake:3  | Killed Louise
 28535 | Snake:3  | Reached XP level 16. HP: 124/136 MP: 21/21
 29322 | Snake:4  | Entered Level 4 of the Snake Pit
 29509 | Snake:4  | Lost mutation: Your flesh is heat resistant. (rF+) [potion of mutation]
 29509 | Snake:4  | Gained mutation: You are covered in fur. (AC +1) [potion of mutation]
 29509 | Snake:4  | Gained mutation: You occasionally shout uncontrollably at your foes. [potion of mutation]
 29509 | Snake:4  | Gained mutation: You can translocate small distances at will. [potion of mutation]
 30023 | Snake:4  | Noticed brujo666's ghost (adept DsGl)
 30283 | Snake:4  | Killed brujo666's ghost
 30591 | Snake:4  | Found Cevyfonk's Weapon Shop.
 30845 | Snake:4  | Reached skill level 16 in Fighting
 32039 | Snake:4  | Reached skill level 10 in Armour
 32451 | Snake:3  | Shot with a bolt by Vashnia

Vault maps used:
D:1:      dpeg_arrival_long_road
D:2:      nicolae_ru_awakened_eye
D:3:      chequers_ecumenical_altar_simple
D:4:      nicolae_overflow_hidden_temple, lemuel_round_altar, first_ration,
          serial_shops, shop, grunt_ministairs_4,
          grunt_dithmenos_smoke_and_mirrors
D:5:      cheibrodos_helix_gallery
D:6:      grunt_temple_overflow_opulence, makhleb_heckhound_becter,
          minmay_temple_entry_junction_2, portal_sewer_entry_b, serial_shops,
          kennysheep_little_box
D:7:      wad_pebble_path, fedhas_altar_2
D:8:      ashenzari_conservatory_becter, lemuel_crystal_altar,
          grunt_lair_entry_orc_guard_hut
D:9:      orc_0_dummy, minmay_variable_closet
D:10:     uniq_maurice
D:11:     portal_ice_cave_demonic_guard, serial_shops, kennysheep_mini_moat,
          serial_ice, serial_ice_o, serial_ice_h, serial_ice_e, serial_ice_i,
          serial_ice_a, serial_ice_n, serial_ice_g, serial_ice_m, serial_ice_b,
          serial_ice_f, hangedman_fish_farm, grunt_ministairs_12
D:12:     serial_shops, shop, minivault_16
D:14:     lightli_vaults_fourway_checkpoint, eino_curves_03
Temple:   eino_temple_lava
Lair:1:   basic_altar
Lair:3:   minmay_lair_oklob_tunnel, minmay_shoals_entry_beasts,
          guppyfry_snake_entry_garden, lemuel_fruit_fields, lemuel_fruit_fields,
          minmay_lair_oklob_chamber, uniq_urug, uniq_nergalle
Lair:4:   st_stairs_12, uniq_sonja
Lair:5:   dpeg_slime_entry_corner, lemuel_fruit_tree, grunt_megastairs_4,
          infiniplex_staircase_pool_2
Lair:6:   due_jungle_book
Snake:1:  uniq_aizul
Snake:2:  minmay_shoptagon, uniq_nikola
Snake:3:  uniq_louise, uniq_vashnia, uniq_kirke
Snake:4:  snake_pit, serial_shops, shop_fountains, guppyfry_library_mini
Orc:1:    basic_altar, serial_shops, nicolae_shop_crystal
Orc:2:    grunt_orc_cross, serial_shops, nicolae_shop_crystal, shop
Sewer:    sewer_the_crocodile
IceCv:    ice_cave_caverns_01

Skill      XL: |  1  2  3  4  5  6  7  8  9 10 11 12 13 14 15 16 |
---------------+-------------------------------------------------+-----
Staves         | 3 6 7 9 10 11 13 14 | 14.5
Throwing       | 2 |  2.0
Armour         | 1 5 6 7 8 9 10 | 10.1
Dodging        | 3 6 7 8 9 10 11 12 13 | 13.0
Fighting       | 5 6 7 8 9 10 12 13 15 16 | 16.6
Stealth        | 5 |  5.9
Evocations     | 2 5 6 |  6.9
Polearms       | 3 |  3.9
Ice Magic      | |  0.6

Action                   |  1- 3 |  4- 6 |  7- 9 | 10-12 | 13-15 | 16-18 || total
-------------------------+-------+-------+-------+-------+-------+-------++-------
Melee: Quarterstaff      |    32 |   188 |   577 |   917 |  1763 |   514 ||  3991
       Lance             |       |       |       |       |    67 |       ||    67
Throw: Throwing net      |       |       |     1 |     1 |       |       ||     2
Invok: Call Merchant     |       |       |       |     2 |     2 |       ||     4
       Potion Petition   |       |       |       |     1 |       |       ||     1
 Abil: Blink             |       |       |       |       |       |     1 ||     1
       Evoke Invisibilit |       |       |       |       |       |     1 ||     1
Evoke: Wand              |       |       |     4 |     1 |       |       ||     5
  Use: Potion            |       |     4 |     2 |     2 |     4 |     5 ||    17
       Scroll            |       |       |    11 |     6 |     9 |     2 ||    28
 Stab: Distracted        |     1 |       |     2 |    12 |    19 |     7 ||    41
       Sleeping          |       |     3 |    20 |     6 |    32 |     6 ||    67
       Held in net/web   |       |       |     1 |       |       |       ||     1
  Eat: Chunk             |       |     8 |     6 |     1 |       |       ||    15
       Ration            |       |       |     3 |     8 |    15 |     3 ||    29
Armor: Leather armour    |    17 |     6 |       |   269 |   166 |       ||   458
       Ring mail         |       |    54 |   231 |    15 |   299 |   142 ||   741
Dodge: Dodged            |    28 |   132 |   355 |   660 |  1086 |   344 ||  2605

Table legend:
 A = Spawn XP
 B = Non-spawn XP
 C = Spawn XP percentage of total XP
 D = Spawn monster count
 E = Non-spawn monster count
 F = Spawn count percentage of total count
 G = Total turns spent on level
                    A         B        C        D         E        F      G
               +---------+---------+-------+---------+---------+-------+---------
         Total |       0 |  199029 |   0.0 |       0 |     901 |   0.0 | 32451
               +---------+---------+-------+---------+---------+-------+---------
           D:1 |       0 |      16 |   0.0 |       0 |       9 |   0.0 |   774
           D:2 |       0 |     293 |   0.0 |       0 |      30 |   0.0 |  1441
           D:3 |       0 |      90 |   0.0 |       0 |      32 |   0.0 |   799
           D:4 |       0 |     251 |   0.0 |       0 |      16 |   0.0 |   829
           D:5 |       0 |     882 |   0.0 |       0 |      34 |   0.0 |  1057
           D:6 |       0 |     687 |   0.0 |       0 |      26 |   0.0 |   840
           D:7 |       0 |    1004 |   0.0 |       0 |      29 |   0.0 |   960
           D:8 |       0 |    1449 |   0.0 |       0 |      26 |   0.0 |  1039
           D:9 |       0 |    3432 |   0.0 |       0 |      24 |   0.0 |  1273
          D:10 |       0 |    3761 |   0.0 |       0 |      35 |   0.0 |  1180
          D:11 |       0 |    6715 |   0.0 |       0 |      68 |   0.0 |  1212
          D:12 |       0 |    5043 |   0.0 |       0 |      22 |   0.0 |   655
          D:13 |       0 |   10609 |   0.0 |       0 |      41 |   0.0 |  2079
          D:14 |       0 |   15936 |   0.0 |       0 |      50 |   0.0 |   918
        Lair:1 |       0 |    3737 |   0.0 |       0 |      20 |   0.0 |   773
        Lair:2 |       0 |    2656 |   0.0 |       0 |      11 |   0.0 |   692
        Lair:3 |       0 |    9394 |   0.0 |       0 |      38 |   0.0 |  1446
        Lair:4 |       0 |    3242 |   0.0 |       0 |      10 |   0.0 |   729
        Lair:5 |       0 |    5392 |   0.0 |       0 |      23 |   0.0 |   877
        Lair:6 |       0 |   18985 |   0.0 |       0 |      48 |   0.0 |  1909
       Snake:1 |       0 |   14212 |   0.0 |       0 |      29 |   0.0 |  1195
       Snake:2 |       0 |   13361 |   0.0 |       0 |      29 |   0.0 |   735
       Snake:3 |       0 |   17804 |   0.0 |       0 |      29 |   0.0 |  2559
       Snake:4 |       0 |   37819 |   0.0 |       0 |      75 |   0.0 |  1837
         Orc:1 |       0 |    2655 |   0.0 |       0 |      25 |   0.0 |   560
         Orc:2 |       0 |    8531 |   0.0 |       0 |      64 |   0.0 |  1603
         Sewer |       0 |     110 |   0.0 |       0 |       6 |   0.0 |   133
         IceCv |       0 |   10963 |   0.0 |       0 |      52 |   0.0 |  2269
               +---------+---------+-------+---------+---------+-------+---------
